 Dungeon Crawl Stone Soup version 0.28-a0-691-gad6df49e81 (webtiles) character file.

Game seed: 8170751425243625864

22 Shploik the Chopper (level 2, -1/27 HPs)
             Began as a Minotaur Berserker on Oct 22, 2021.
             Was a Follower of Trog.
             Slain by an ogre (22 damage)
             ... on level 2 of the Dungeon.
             The game lasted 00:04:05 (622 turns).

Shploik the Chopper (Minotaur Berserker)             Turns: 622, Time: 00:04:05

Health: -1/27      AC:  2    Str: 21    XL:     2   Next: 68%
Magic:  1/1        EV: 12    Int:  4    God:    Trog [*.....]
Gold:   12         SH:  0    Dex:  9    Spells: 1/1 levels left

rFire   . . .      SeeInvis .   a - +0 hand axe
rCold   . . .      Faith    .   (no shield)
rNeg    . . .      Spirit   .   b - +0 animal skin
rPois   .          Reflect  .   (helmet restricted)
rElec   .          Harm     .   (no cloak)
rCorr   .          Rampage  .   (no gloves)
Will    .....                   (no boots)
Stlth   +.........              (no amulet)
HPRegen 0.09/turn               (no ring)
MPRegen 0.07/turn               (no ring)

@: no status effects
A: horns 2, retaliatory headbutt
a: Renounce Religion, Berserk


You were on level 2 of the Dungeon.
You worshipped Trog.
Trog was aware of your devotion.
You visited 1 branch of the dungeon, and saw 2 of its levels.

You collected 12 gold pieces.

Inventory:

Hand Weapons
 a - a +0 hand axe (weapon)
Armour
 b - a +0 animal skin (worn)
 c - a +0 chain mail
Scrolls
 d - a scroll of holy word


   Skills:
 + Level 4.1 Fighting
 + Level 4.2 Axes
 + Level 2.5 Armour
 + Level 2.4 Dodging


You had one spell level left.
You didn't know any spells.
Your spell library was empty.

Dungeon Overview and Level Annotations

Branches:
Dungeon (2/15)

Altars:

Shops:
D:1 =


Innate Abilities, Weirdness & Mutations

You have a pair of horns on your head.
You reflexively headbutt those who attack you in melee.


Message History

The jackal bites you.
You closely miss the jackal. Your headbutt misses the jackal.
The jackal closely misses you.
You hit the jackal but do no damage. Your headbutt misses the jackal.
The jackal barely misses you. The jackal bites you.
You hit the jackal.
The jackal is moderately wounded.
The jackal completely misses you.
You closely miss the jackal.
The jackal is moderately wounded.
The jackal bites you. The jackal barely misses you.
You hit the jackal.
You kill the jackal!
Trog accepts your kill. The jackal bites you.
You hit the jackal but do no damage. Your headbutt misses the jackal.
The jackal bites you but does no damage.
You hit the jackal.
You kill the jackal!
Trog accepts your kill.
You see here a jackal corpse.
There is an open door here.
Things that are here:
a +0 dagger; a goblin corpse You open the door.
There is an open door here.
There is a stone staircase leading down here.
You see here a hobgoblin skeleton.
You see here a hobgoblin skeleton.
There is a stone staircase leading down here.
You climb downwards.
The ogre shouts!
The goblin shouts!
Found a scroll labelled YTEICI JAPRE, 9 gold pieces and 5 boomerangs.
There is a stone staircase leading up here.
The goblin unwields a +0 club.
The goblin wields a +0 hunting sling.
The goblin shoots a stone.
The stone hits you.
The goblin shoots a stone.
The stone closely misses you.
The ogre hits you with a +0 giant club!!
Ouch! That really hurt!
You die...

#...........
#...........
#..........
#......g.#
.###........#
............+
####......$.#
#......@....#
#.......O...#
........<.###
..........#
..........#
.........?#
..........#
..........#
..........#


You could see an ogre and a goblin.

Vanquished Creatures
  A bat (D:1)
  2 endoplasms (D:1)
  A giant cockroach (D:1)
  2 goblins (D:1)
  3 hobgoblins (D:1)
  2 jackals (D:1)
  4 ball pythons (D:1)
  A frilled lizard (D:1)
  2 rats (D:1)
18 creatures vanquished.

Notes
Turn   | Place    | Note
-------+----------+-------------------------------------------
     0 | D:1      | Shploik the Minotaur Berserker began the quest for the Orb.
     0 | D:1      | Reached XP level 1. HP: 19/19 MP: 0/0
   192 | D:1      | Reached XP level 2. HP: 15/27 MP: 1/1
   387 | D:1      | Found Noyn's Jewellery Shoppe.
   619 | D:2      | Noticed an ogre
   622 | D:2      | Slain by an ogre

Illustrated notes

Levels and vault maps discovered:
D:1:      onia_arrival_handbag, layout_loops_corners, serial_shops, shop
D:2:      layout_basic, shapermc_ecumenical_altar_rom_forum,
          minmay_snake_closets, uniq_sigmund, uniq_natasha

Skill      XL: |  1  2 |
---------------+-------+-----
Fighting       | 4 |  4.1
Axes           | 4 |  4.2
Armour         | |  2.5
Dodging        | |  2.4

Action                   || total
-------------------------++-------
Melee: Hand axe          ||    22
       Headbutt          ||     2
  Use: Scroll            ||     1
Armor: Animal skin       ||    11
Dodge: Dodged            ||    27

Table legend: (Time is in decaauts)
 A = Elapsed time spent in this place.
 B = Non-inter-level travel time spent in this place.
 C = Inter-level travel time spent in this place.
 D = Time resting spent in this place.
 E = Time spent auto-exploring this place.
 F = Levels seen in this place.
 G = Mean time per level.
                   A        B        C        D        E       F      G
               +--------+--------+--------+--------+--------+-----+--------+
         Total |    624 |    624 |      0 |    100 |      0 |   2 |  312.0 |
       Dungeon |    624 |    624 |      0 |    100 |      0 |   2 |  312.0 |
               +--------+--------+--------+--------+--------+-----+--------+

Top non-repeatable levels by time:
     D:1: 621 daAuts
     D:2: 2 daAuts
